 Dungeon Crawl Stone Soup version 0.30-a0-779-g7971cf19c3 (webtiles) character file.

Game seed: 9003244957762055832

88 Pimp the Stinger (level 4, 0/24 HPs)
             Began as a Deep Elf Venom Mage on Feb 17, 2023.
             Slain by Terence
             ... wielding a +0 glaive
              (6 damage)
             ... on level 3 of the Dungeon.
             The game lasted 00:07:42 (2082 turns).

Pimp the Stinger (Deep Elf Venom Mage)              Turns: 2082, Time: 00:07:43

Health: 0/24       AC:  3    Str:  3 (5)  XL:     4   Next: 30%
Magic:  1/3        EV: 13    Int: 20 (22) God:
Gold:   55         SH:  0    Dex: 13 (15) Spells: 9/10 levels left

rFire   . . .      SeeInvis .    h - +2 short sword (antimagic)
rCold   . . .      Faith    .    (no shield)
rNeg    . . .      Spirit   .    a - +1 robe
rPois   .          Reflect  .    (no helmet)
rElec   .          Harm     .    (no cloak)
rCorr   .          Rampage  .    (no gloves)
Will    .....                    (no boots)
Stlth   ++                       (no amulet)
HPRegen 0.24/turn                (no ring)
MPRegen 0.08/turn                (no ring)

@: no status effects
A: no striking features
a: no special abilities


You were on level 3 of the Dungeon.
You visited 1 branch of the dungeon, and saw 3 of its levels.

You collected 55 gold pieces.

Inventory:

Hand Weapons
 h - a +2 antimagic short sword (weapon)
Armour
 a - a +1 robe (worn)
Jewellery
 f - a ring of fire
Scrolls
 g - 2 scrolls of identify
Potions
 b - a potion of magic


   Skills:
 + Level 0.5 Fighting
 + Level 0.7 Short Blades
 + Level 3.1 Dodging
 + Level 2.9 Stealth
 + Level 0.7 Unarmed Combat
 + Level 3.7 Spellcasting
 + Level 1.9 Transmutations
 + Level 3.9 Poison Magic


You had 9 spell levels left.
You knew the following spells:

 Your Spells              Type           Power      Damage    Failure   Level
a - Sting                 Tmut/Pois      60%        1d6       4%          1

Your spell library contained the following spells:

 Spells                   Type           Power      Damage    Failure   Level
 Poisonous Vapours        Pois/Air       22%        N/A       9%          2
 Passwall                 Tmut/Erth      5%         N/A       14%         2
 Ensorcelled Hibernation  Hex/Ice        6%         N/A       21%         2
 Mephitic Cloud           Conj/Pois/Air  8%         N/A       24%         3
 Olgreb's Toxic Radiance  Pois           19%        N/A       26%         4
 Ozocubu's Armour         Ice            3%         N/A       36%         3
 Swiftness                Air            3%         N/A       36%         3
 Ozocubu's Refrigeration  Ice            1%         4d7       100%        7


Dungeon Overview and Level Annotations

Branches:
Dungeon (3/15)

Altars:

Shops:
D:2 !?

Annotations:
D:3 Terence


Message History

The giant cockroach is almost dead.
The giant cockroach bites you but does no damage.
You barely miss the giant cockroach.
The giant cockroach is almost dead.
The giant cockroach bites you.
You hit the giant cockroach.
You kill the giant cockroach!
You start waiting.
Done waiting.
There is a stone staircase leading down here.
You climb downwards.
Level annotation: Terence The hobgoblin hits you with a +0 mace.
The hobgoblin closely misses you.
There is a stone staircase leading up here.
Casting: Sting (safe; 4% risk of failure)
Confirm with . or Enter, or press ? or * to list all spells.
You don't know that spell.
Casting: Sting (safe; 4% risk of failure)
Confirm with . or Enter, or press ? or * to list all spells.
Aiming: Sting (safe; 4% risk of failure)
Press: ? - help, Shift-Dir - straight line, f - Terence
Aim: Terence, wielding a +0 glaive, wearing a +0 ring mail and quivering stones (77% to hit)
The sting hits Terence but does no damage.
Terence is poisoned.
The hobgoblin hits you with a +0 mace.
Terence throws a stone.
The stone hits you.
Casting: Sting (safe; 4% risk of failure)
Confirm with . or Enter, or press ? or * to list all spells.
Aiming: Sting (safe; 4% risk of failure)
Press: ? - help, Shift-Dir - straight line, f/p - Terence
Aim: Terence, wielding a +0 glaive, wearing a +0 ring mail and quivering stones (lightly wounded, poisoned, 77% to hit)
The sting hits Terence.
Terence looks even sicker.
Terence is moderately wounded.
The hobgoblin barely misses you.
Terence throws a stone.
The stone hits you. The hobgoblin attacks as you move away!
The hobgoblin barely misses you.
You hit the hobgoblin.
The hobgoblin is moderately wounded.
The hobgoblin hits you with a +0 mace!
* * * LOW HITPOINT WARNING * * *
Terence hits you from afar with a +0 glaive.
You die...

.. #. #. #. #>
######. #
.......######.#####
#..@g@.......
##.#####.#####
#÷<÷.....#
........)........
##..........##...
#.####..##.# # ..
#..# ..# .... ....
...## #...


You could see Terence (poisoned) and a hobgoblin.

Vanquished Creatures
  3 gnolls
  2 adders (D:2)
  A dart slug (D:1)
  An orc (D:3)
  5 endoplasms
  4 giant cockroaches
  3 goblins
  A hobgoblin (D:3)
  2 kobolds (D:1)
  3 quokkas (D:1)
  3 ball pythons
  6 bats
  2 frilled lizards (D:1)
  3 rats
39 creatures vanquished.

Notes
Turn   | Place    | Note
-------+----------+-------------------------------------------
     0 | D:1      | Pimp the Deep Elf Venom Mage began the quest for the Orb.
     0 | D:1      | Reached XP level 1. HP: 10/10 MP: 6/6
   184 | D:1      | Reached XP level 2. HP: 15/15 MP: 6/8
   983 | D:2      | Reached XP level 3. HP: 1/19 MP: 0/9
  1177 | D:2      | Found Labbiont's Distillery.
  1272 | D:1      | Reached XP level 4. HP: 24/24 MP: 2/11
  1424 | D:2      | Found Woxorual's Magic Scroll Shoppe.
  1603 | D:3      | Noticed Terence
  2082 | D:3      | Slain by Terence

Illustrated notes

Levels and vault maps discovered:
D:1:      dpeg_arrival_solitude, layout_basic, grunt_decor_junction,
          hangedman_abyss_or_decor_stabs, minmay_fountain_box
D:2:      layout_loops_ring, serial_shops, shop, shop, shop, shop,
          hangedman_abyss_or_decor_lesser_grid
D:3:      layout_loops_ring, minmay_ruptured, uniq_terence

Skill      XL: |  1  2  3 |
---------------+----------+-----
Dodging        | 3 |  3.1
Fighting       | |  0.5
Short Blades   | |  0.7
Stealth        | |  2.9
Unarmed Combat | |  0.7
Spellcasting   | |  3.7
Transmutations | |  1.9
Poison Magic   | |  3.9

Action                     |  1- 3 |  4- 6 || total
---------------------------+-------+-------++-------
  Melee: Unarmed           |    25 |       ||    25
         Short sword       |    57 |    19 ||    76
   Cast: Sting             |    27 |    16 ||    43
    Use: Potion            |     4 |     1 ||     5
         Scroll            |     1 |     6 ||     7
   Stab: Sleeping          |     3 |       ||     3
 Armour: Robe              |    42 |     7 ||    49
  Dodge: Dodged            |   126 |    27 ||   153

Table legend: (Time is in decaauts)
 A = Elapsed time spent in this place.
 B = Non-inter-level travel time spent in this place.
 C = Inter-level travel time spent in this place.
 D = Time resting spent in this place.
 E = Time spent auto-exploring this place.
 F = Levels seen in this place.
 G = Mean time per level.
                   A        B        C        D        E       F      G
               +--------+--------+--------+--------+--------+-----+--------+
         Total |   2086 |   2015 |     71 |    727 |    807 |   3 |  695.3 |
       Dungeon |   2086 |   2015 |     71 |    727 |    807 |   3 |  695.3 |
               +--------+--------+--------+--------+--------+-----+--------+

Top non-repeatable levels by time:
     D:1: 1041 daAuts
     D:2: 977 daAuts
     D:3: 67 daAuts
